 Dungeon Crawl Stone Soup version 0.29.1-2-gbd0b4ee654 (webtiles) character file.

Game seed: 5172448965269239043

19 Icepheonix32 the Insei (level 2, 0/22 HPs)
             Began as a Demigod Transmuter on Nov 10, 2022.
             Slain by a worm (9 damage)
             ... on level 2 of the Dungeon.
             The game lasted 00:01:15 (718 turns).

Icepheonix32 the Insei (Demigod Transmuter)          Turns: 718, Time: 00:01:16

Health: 0/22       AC:  2    Str: 11    XL:     2   Next: 39%
Magic:  6/7        EV: 16    Int: 15    God:
Gold:   13         SH:  0    Dex: 14    Spells: 4/5 levels left

rFire   . . .      SeeInvis .     - Unarmed
rCold   . . .      Faith    .   (no shield)
rNeg    . . .      Spirit   .   a - +0 robe
rPois   .          Reflect  .   (helmet currently unavailable)
rElec   .          Harm     .   (no cloak)
rCorr   .          Rampage  .   (no gloves)
Will    .....                   (boots currently unavailable)
Stlth   +.........              (no amulet)
HPRegen 0.07/turn               d - +4 ring of evasion
MPRegen 0.10/turn               (no ring)

@: appendages
A: horns 2, talons 2, high MP 1, forlorn, divine attributes
a: End Transformation


You were on level 2 of the Dungeon.
You had temporarily grown beastly horns and talons.
You visited 1 branch of the dungeon, and saw 2 of its levels.

You collected 41 gold pieces.
You spent 28 gold pieces at shops.

Inventory:

Armour
 a - a +0 robe (worn)
 e - a +2 helmet (melded)
Jewellery
 d - a +4 ring of evasion (left hand)
Scrolls
 f - 3 scrolls of acquirement {unknown}
 i - a scroll of identify
 j - a scroll of poison {unknown}
Potions
 b - a potion of lignification
 c - a potion of might {unknown}
 g - a potion of heal wounds {unknown}
 h - 2 potions of magic {unknown}


   Skills:
 + Level 0.8 Fighting
 + Level 2.0 Dodging
 + Level 0.1 Stealth
 + Level 2.9 Unarmed Combat
 + Level 2.1 Spellcasting
 * Level 2.1 Transmutations


You had 4 spell levels left.
You knew the following spells:

 Your Spells              Type           Power      Damage    Failure   Level
a - Beastly Appendage     Tmut           14%        N/A       10%         1

Your spell library contained the following spells:

 Spells                   Type           Power      Damage    Failure   Level
 Wereblood                Tmut           7%         N/A       14%         2
 Spider Form              Tmut/Pois      4%         N/A       41%         3
 Ice Form                 Ice/Tmut       4%         N/A       82%         4


Dungeon Overview and Level Annotations

Branches:
Dungeon (2/15)

Shops:
D:2 [??


Innate Abilities, Weirdness & Mutations

You have temporarily grown beastly horns and talons.
You have an increased reservoir of magic. (+10% MP)
You shall have no god before yourself.
Your divine heritage dramatically boosts your attributes as you level up.


Message History

The ball python attacks as you move away!
The ball python barely misses you. The ball python misses you.
The ball python closely misses you. x2
The ball python attacks as you move away!
The ball python closely misses you.
The ball python attacks as you move away!
The ball python bites you.
Found a scroll labelled SEMPIU ZAIHAA.
The ball python barely misses you. The ball python misses you.
The ball python attacks as you move away!
The ball python closely misses you. x2
The ball python attacks as you move away!
The ball python bites you.
A frilled lizard comes into view.
The frilled lizard hisses angrily.
The ball python misses you. The ball python barely misses you.
Casting: Beastly Appendage (safe; 10% risk of failure)
Confirm with . or Enter, or press ? or * to list all spells.
You grow a pair of large bovine horns.
Your feet morph into talons.
Your +2 helmet melds into your body.
The ball python bites you but does no damage.
The ball python misses you.
You hit the ball python.
You claw the ball python, but do no damage.
You headbutt the ball python.
You kill the ball python!
You see here a ball python corpse.
You are too injured to fight recklessly!
You hit the frilled lizard.
The frilled lizard is heavily wounded.
The frilled lizard closely misses you.
You hit the frilled lizard but do no damage.
You headbutt the frilled lizard.
You kill the frilled lizard!
You see here a scroll labelled SEMPIU ZAIHAA.
You hit the worm but do no damage. You claw the worm, but do no damage.
You hit the worm. You claw the worm, but do no damage.
The worm is moderately wounded.
The worm bites you!
You die...

#.)..................
.....................
.......##....).......
.......##....#....#
#.....###≈≈≈...##..
#.....##≈≈≈≈≈..####
.......#≈~∩~≈....#
.......#≈≈.~≈##w.##
#......##~.†###†@.#
+..>..####<.#
#.#.......
##...####..##
#....###..
.#.####...## ####..#
...##...### #..#
##∩.#.### #... #..#.#
..## ##.#.# .. #.#.#


You could see a worm.

Vanquished Creatures
  2 dart slugs (D:1)
  2 ball pythons
  An endoplasm (D:1)
  A goblin (D:1)
  2 bats (D:1)
  4 frilled lizards
  3 kobolds
  2 rats
17 creatures vanquished.

Notes
Turn   | Place    | Note
-------+----------+-------------------------------------------
     0 | D:1      | Icepheonix32 the Demigod Transmuter began the quest for the
                  | Orb.
     0 | D:1      | Reached XP level 1. HP: 15/15 MP: 5/5
   270 | D:1      | Reached XP level 2. HP: 22/22 MP: 5/7
   621 | D:2      | Found Dawnunel's Magic Scroll Shop.
   627 | D:2      | Bought a scroll of identify for 28 gold pieces
   644 | D:2      | Found Zeintot's Magic Scroll Emporium.
   653 | D:2      | Found Taustore's Armour Shop.
   718 | D:2      | Slain by a worm

Illustrated notes

Levels and vault maps discovered:
D:1:      dpeg_arrival_tiny_d, layout_basic,
          dreamdust_ecumenical_altar_angels_and_demons, grunt_decor_cap
D:2:      layout_rooms, serial_shops, shop, nicolae_shop_bloodbath_and_beyond,
          nicolae_shop_behind_doors, nicolae_shop_waterfront

Skill      XL: |  1 |
---------------+----+-----
Spellcasting   | 2 |  2.1
Dodging        | 2 |  2.0
Transmutations | 2 |  2.1
Fighting       | |  0.8
Stealth        | |  0.1
Unarmed Combat | |  2.9

Action                   || total
-------------------------++-------
Melee: Unarmed           ||    43
       Kick              ||     5
       Headbutt          ||     4
 Cast: Beastly Appendage ||     9
 Stab: Sleeping          ||     1
Armor: Robe              ||     7
Dodge: Dodged            ||    42
